AoeStats
← tavoo

Arabia

509411111Analyzed
1v1 RM · 7d ago on Sep 26, 2026· 51m 36s· 2 players
Game mode
Random Map
Map size
Tiny (2 player)
Population
200
Speed
Normal
Resources
Standard
Victory
Conquest
Starting age
Dark Age
Ending age
Imperial Age
RankedLock teamsTeams togetherTeam positionsShared explorationLock speedFull tech treeHidden civsTurbo modeCheats
Victory
Defeat
🇺🇸 Jurchens · United States
1371
+17
🇲🇽 Slavs · Mexico
1395
-17
Rayner
5:13 Loom
8:31 Feudal Age
9:27 Double-Bit Axe
20:01 Castle Age
18:39 Fletching
19:40 Bloodlines
21:03 Bodkin Arrow
22:32 Husbandry
27:18 Wheelbarrow
27:31 Gambesons
30:04 Scale Mail Armor
33:38 Bow Saw
33:33 Gold Mining
33:54 Squires
34:15 Horse Collar
35:34 Forging
39:06 Heavy Plow
39:21 Padded Archer Armor
39:29 Stone Mining
40:26 Ballistics
45:34 Imperial Age
43:55 Scale Barding Armor
45:03 Iron Casting
45:06 Leather Archer Armor
44:50 Light Cavalry
46:21 Chain Barding Armor
47:20 Blast Furnace
47:41 Plate Barding Armor
47:54 Chain Mail Armor
50:26 Chemistry
50:58 Chain Mail Armor
50:59 Hussar
tavoo
6:29 Loom
9:01 Feudal Age
9:04 Man-at-Arms
16:32 Double-Bit Axe
17:50 Bloodlines
17:54 Forging
17:52 Scale Barding Armor
22:25 Castle Age
22:09 Forging
22:01 Gold Mining
22:30 Light Cavalry
23:11 Husbandry
24:46 Wheelbarrow
25:06 Chain Barding Armor
28:29 Bow Saw
32:06 Stone Mining
32:55 Squires
32:16 Long Swordsman
33:37 Horse Collar
33:56 Town Watch
38:19 Hand Cart
39:46 Scale Mail Armor
44:06 Imperial Age
42:45 Gold Shaft Mining
42:35 Chain Mail Armor
43:11 Iron Casting
44:16 Fletching
44:55 Onager
47:01 Plate Barding Armor
47:01 Bodkin Arrow
48:16 Town Patrol
51:27 Druzhina
52:22 Ballistics
Connection lost

Rejoining the realm…

Still unreachable

The connection could not be restored.

Session expired

The server has moved on; the page needs a fresh start.